Saguenéens vs Thunder
(R1)
Created - 8 novembre 2013 at 19:01
Goals
|
| Saguenéens |
2 |
2 |
1 |
5 |
| Thunder |
2 |
2 |
5 |
9 |
|
Shots
|
| Saguenéens |
8 |
14 |
9 |
31 |
| Thunder |
13 |
17 |
13 |
43 |
|
1st period
1. Saguenéens , Petteri Wirtanen 2 (Tomas Kudelka, Kevin Estrada) at 7:47
2. Saguenéens , Henrik Tallinder 1 (Jarkko Ruutu, Wayne Primeau) at 9:13 (PP)
3. Thunder , Samuel Pahlsson 5 (Adam Hall, Dany Roussin) at 19:01
4. Thunder , Adam Hall 3 (Samuel Pahlsson) at 19:22 (PP)
Penalties :
Daultan Leveillé (TRO) for Cross-checking (Minor) at 9:03, Brian Flynn (Chi) for Hooking (Minor) at 10:21, Trevor Daley (Chi) for Slashing (Minor) at 19:12
2nd period
5. Thunder , James Van Riemsdyk 3 (Derek Peltier, Daniel Winnik) at 3:01
6. Saguenéens , Kevin Estrada 1 (Henrik Tallinder, David Laliberté) at 8:58
7. Thunder , Samuel Pahlsson 6 (Daniel Winnik, Jeff Finger) at 9:17
8. Saguenéens , Jarkko Ruutu 3 (Wayne Primeau, Brandon Yip) at 13:47
Penalties :
Kyle Brodziak (Chi) for Roughing (Minor) at 4:33, Adam Hall (TRO) for Tripping (Minor) at 9:09, Justin Schultz (Chi) for Interference (Minor) at 9:09, Brian Flynn (Chi) for Hooking (Minor) at 19:14
3rd period
9. Thunder , Samuel Pahlsson 7 (Doug Janik) at 0:06 (PP)
10. Thunder , Adam Hall 4 (Samuel Pahlsson) at 0:19
11. Thunder , Samuel Pahlsson 8 (Jeff Finger) at 0:25
12. Saguenéens , Jarkko Ruutu 4 (Brandon Yip, Wayne Primeau) at 6:18 (PP)
13. Thunder , Adam Hall 5 (Jeff Finger) at 7:46 (SH)
14. Thunder , Samuel Pahlsson 9 (Adam Hall) at 12:06
Penalties :
Trevor Daley (Chi) for Holding (Minor) at 1:00, Jerred Smithson (TRO) for High sticking (Minor) at 6:12, Daultan Leveillé (TRO) for Hooking (Minor) at 7:29, Daultan Leveillé (TRO) for Goalie Interference (Minor) at 14:30
Goalie Stats
James Reimer (Chi), 8 saves from 10 shots - (0,800), 19:35 minutes
Chad Johnson (Chi), 26 saves from 33 shots - (0,788), L, 2-3-0, 40:25 minutes
Barry Brust (TRO), 26 saves from 31 shots - (0,839), W, 5-3-1, 60:00 minutes
Players Stats for Saguenéens
Player Name G A P +/- PIM S H SB GA TA FO MP PP MP PK MP
------------------------------------------------------------------------------------
Brandon Burlon 0 0 0 0 0 0 0 0 0 0 0/0 0:00 0:00 0:00
Brandon Yip 0 2 2 -3 0 0 0 2 1 1 2/3 19:08 2:33 2:12
Brian Flynn 0 0 0 0 4 1 0 0 0 0 4/4 6:28 0:00 0:26
David Laliberté 0 1 1 2 0 2 3 1 2 0 1/1 12:53 0:09 0:00
David McIntyre 0 0 0 0 0 0 0 0 0 0 0/0 0:00 0:00 0:00
Derek Joslin 0 0 0 -2 0 0 1 1 0 0 0/0 9:57 0:00 0:00
Dwight King 0 0 0 0 0 0 0 0 0 0 0/0 7:34 0:00 0:47
Evgeny Dadonov 0 0 0 -2 0 1 0 1 1 0 0/1 16:31 1:41 0:00
Henrik Tallinder 1 1 2 1 0 3 1 2 0 0 0/0 18:58 2:12 3:08
Ian Cole 0 0 0 1 0 1 0 1 0 0 0/0 7:01 0:00 0:00
Ivan Vishnevski 0 0 0 0 0 0 0 0 0 0 0/0 0:00 0:00 0:00
Jarkko Ruutu 2 1 3 -4 0 8 2 0 0 2 5/15 25:40 2:24 4:08
Jeffrey Foss 0 0 0 0 0 0 0 0 0 0 0/0 0:00 0:00 0:00
Justin Schultz 0 0 0 1 2 2 2 0 0 1 0/0 18:14 2:12 3:08
Kevin Estrada 1 1 2 2 0 3 1 0 0 1 0/0 13:14 0:00 0:40
Kyle Brodziak 0 0 0 -2 2 3 2 2 0 1 4/8 19:08 1:41 1:38
Luke Witkowski 0 0 0 0 0 0 0 0 0 0 0/0 0:00 0:00 0:00
Mike Van Ryn 0 0 0 -4 0 1 2 6 1 0 0/0 25:30 2:02 3:51
Patrick McNeill 0 0 0 -2 0 0 0 1 0 0 0/0 9:51 0:00 1:18
Petteri Wirtanen 1 0 1 2 0 2 0 1 0 0 3/5 12:07 0:00 0:00
Tomas Kudelka 0 1 1 1 0 0 0 0 0 0 0/0 7:01 0:00 0:00
Trevor Daley 0 0 0 -4 4 2 1 2 0 0 0/0 24:10 2:02 2:33
Tyler McNeely 0 0 0 0 0 0 0 0 0 0 0/0 0:00 0:00 0:00
Wayne Primeau 0 3 3 -4 0 1 1 0 0 0 15/28 21:00 2:33 4:07
Wayne Simmonds 0 0 0 -2 0 1 3 1 0 0 1/1 16:31 1:41 0:00
Players Stats for Thunder
Player Name G A P +/- PIM S H SB GA TA FO MP PP MP PK MP
------------------------------------------------------------------------------------
Adam Hall 3 2 5 3 2 11 2 3 2 1 3/7 23:00 3:34 2:32
Brett Festerling 0 0 0 0 0 0 0 0 0 0 0/0 4:16 0:00 0:00
Colby Cohen 0 0 0 0 0 0 0 0 0 0 0/0 0:00 0:00 0:00
Daniel Winnik 0 2 2 1 0 3 0 0 0 0 2/2 11:52 0:00 0:00
Dany Roussin 0 1 1 2 0 5 3 0 1 0 1/1 20:36 3:34 0:50
Daultan Leveillé 0 0 0 0 6 0 2 0 0 0 0/1 10:33 0:00 0:00
Derek Peltier 0 1 1 2 0 2 0 0 0 0 0/0 19:27 3:05 1:14
Doug Janik 0 1 1 2 0 2 0 3 0 0 0/0 26:39 3:54 3:00
James Van Riemsdyk 1 0 1 0 0 2 1 0 1 0 1/2 9:48 0:00 0:52
Jannik Hansen 0 0 0 0 0 0 0 0 0 0 0/0 0:00 0:00 0:00
Jeff Finger 0 3 3 2 0 1 1 3 1 0 0/0 26:39 3:54 3:00
Jerred Smithson 0 0 0 0 2 0 1 0 0 0 4/12 15:23 3:25 0:05
Joey Crabb 0 0 0 0 0 0 0 0 0 0 0/0 7:30 0:00 0:00
Joey Ryan 0 0 0 0 0 0 0 1 0 0 0/0 9:38 0:00 0:00
Kelly Zajac 0 0 0 0 0 0 0 0 0 0 0/2 7:30 0:00 0:00
Kevin Montgomery 0 0 0 0 0 0 0 0 0 0 0/0 4:16 0:00 0:00
Matt D'Agostini 0 0 0 0 0 3 2 1 0 0 0/0 12:36 0:00 0:47
Pierre-Alexandre Parente 0 0 0 0 0 2 1 0 0 0 0/0 16:02 3:25 0:50
Ray Macias 0 0 0 2 0 1 1 1 0 2 0/0 19:27 3:05 1:14
Robin Leblanc 0 0 0 0 0 0 0 0 0 0 0/0 0:00 0:00 0:00
Samuel Pahlsson 5 2 7 4 0 7 3 0 0 0 20/39 23:40 3:34 2:32
Scott Parse 0 0 0 0 0 4 2 0 1 1 0/0 15:12 3:25 0:00
Tyler Myers 0 0 0 0 0 0 0 0 0 1 0/0 9:38 0:00 0:00
3 Stars
1 - Samuel Pahlsson (TRO)
2 - Adam Hall (TRO)
3 - Jeff Finger (TRO)
Power Play
Saguenéens - 2 on 4 Attempt(s) - 50,00%
Thunder - 2 on 5 Attempt(s) - 40,00%
Penalty Kill
Saguenéens - 3 on 5 Attempt(s) - 60,00%
- Score 0 goal in Penalty Kill
Thunder - 2 on 4 Attempt(s) - 50,00%
- Score 1 goal in Penalty Kill
Official
Referees : McCreary Bill and Kowal Tom
Linesman : Michel Cormier and Lyle Seitz
Game Notes
Samuel Pahlsson has scored a Hat Trick!
James Reimer enters game at 0:25 of 3rd period
Adam Hall has scored a Hat Trick!
Finance
Level 1 -- Attendance: 1635 (81,75%) -- Ticket Income 57 225 $
Level 2 -- Attendance: 755 (75,50%) -- Ticket Income 11 325 $
Total Attendance: 2390 (79,67%)
Total Ticket Income: 68 550 $
Other Income: 3 428 $
Total Income: 71 978 $
Saguenéens
5 vs 5 Forward
Center Left Wing Right Wing Time % Phy DF OF
1 Wayne Primeau Jarkko Ruutu Brandon Yip 40 1 2 2
2 Kyle Brodziak Evgeny Dadonov Wayne Simmonds 30 1 2 2
3 Petteri Wirtanen Kevin Estrada David Laliberté 20 1 2 2
4 Brian Flynn Dwight King Jarkko Ruutu 10 1 2 2
5 vs 5 Defense
Defense Defense Time % Phy DF OF
1 Mike Van Ryn Trevor Daley 40 1 2 2
2 Henrik Tallinder Justin Schultz 30 1 2 2
3 Derek Joslin Patrick McNeill 20 1 2 2
4 Ian Cole Tomas Kudelka 10 1 2 2
PowerPlay Forward
Center Left Wing Right Wing Time % Phy DF OF
1 Wayne Primeau Jarkko Ruutu Brandon Yip 60 1 2 2
2 Kyle Brodziak Evgeny Dadonov Wayne Simmonds 40 1 2 2
PowerPlay Defense
Defense Defense Time % Phy DF OF
1 Mike Van Ryn Trevor Daley 60 1 2 2
2 Henrik Tallinder Justin Schultz 40 1 2 2
Penalty Kill 4 Players Forward
Center Wing Time % Phy DF OF
1 Jarkko Ruutu Wayne Primeau 60 1 2 2
2 Brandon Yip Kyle Brodziak 40 1 2 2
Penalty Kill 4 Players Defense
Defense Defense Time % Phy DF OF
1 Mike Van Ryn Trevor Daley 60 1 2 2
2 Henrik Tallinder Justin Schultz 40 1 2 2
Penalty Kill - 3 Players Forward
Forward Time % Phy DF OF
1 Jarkko Ruutu 60 1 2 2
2 Wayne Primeau 40 1 2 2
Penalty Kill - 3 Players Defense
Defense Defense Time % Phy DF OF
1 Mike Van Ryn Trevor Daley 60 1 2 2
2 Henrik Tallinder Justin Schultz 40 1 2 2
4 vs 4 Forward
Center Wing Time % Phy DF OF
1 Jarkko Ruutu Wayne Primeau 60 1 2 2
2 Brandon Yip Kyle Brodziak 40 1 2 2
4 vs 4 Defense
Defense Defense Time % Phy DF OF
1 Mike Van Ryn Trevor Daley 60 1 2 2
2 Henrik Tallinder Justin Schultz 40 1 2 2
Last Minutes Offensive
Center Left Wing Right Wing Defense Defense
Wayne Primeau Jarkko Ruutu Brandon Yip Mike Van Ryn Trevor Daley
Last Minutes Defensive
Center Left Wing Right Wing Defense Defense
Wayne Primeau Jarkko Ruutu Brandon Yip Mike Van Ryn Trevor Daley
Goaltenders
Starting : Chad Johnson
Backup : James Reimer
Extra Forwards
Normal : David Laliberté, Kevin Estrada, Dwight King - PP : David Laliberté, Kevin Estrada - PK : Dwight King
Extra Defensemen
Normal : Derek Joslin, Patrick McNeill, Ian Cole - PP : Derek Joslin - PK : Patrick McNeill, Ian Cole
Penalty Shots
Jarkko Ruutu, Wayne Primeau, Brandon Yip, Kyle Brodziak, Wayne Simmonds
Thunder
5 vs 5 Forward
Center Left Wing Right Wing Time % Phy DF OF
1 Samuel Pahlsson Dany Roussin Adam Hall 40 1 2 2
2 Jerred Smithson Scott Parse Pierre-Alexandre Parentea30 1 2 2
3 Daultan Leveillé Daniel Winnik Matt D'Agostini 20 1 2 2
4 Kelly Zajac James Van Riemsdyk Joey Crabb 10 1 2 2
5 vs 5 Defense
Defense Defense Time % Phy DF OF
1 Doug Janik Jeff Finger 40 1 2 2
2 Derek Peltier Ray Macias 30 1 2 2
3 Tyler Myers Joey Ryan 20 1 2 2
4 Brett Festerling Kevin Montgomery 10 1 2 2
PowerPlay Forward
Center Left Wing Right Wing Time % Phy DF OF
1 Samuel Pahlsson Dany Roussin Adam Hall 60 1 2 2
2 Jerred Smithson Scott Parse Pierre-Alexandre Parentea40 1 2 2
PowerPlay Defense
Defense Defense Time % Phy DF OF
1 Doug Janik Jeff Finger 60 1 2 2
2 Derek Peltier Ray Macias 40 1 2 2
Penalty Kill 4 Players Forward
Center Wing Time % Phy DF OF
1 Adam Hall Samuel Pahlsson 60 1 2 2
2 Pierre-Alexandre ParenteaDany Roussin 40 1 2 2
Penalty Kill 4 Players Defense
Defense Defense Time % Phy DF OF
1 Doug Janik Jeff Finger 60 1 2 2
2 Derek Peltier Ray Macias 40 1 2 2
Penalty Kill - 3 Players Forward
Forward Time % Phy DF OF
1 Adam Hall 60 1 2 2
2 Samuel Pahlsson 40 1 2 2
Penalty Kill - 3 Players Defense
Defense Defense Time % Phy DF OF
1 Doug Janik Jeff Finger 60 1 2 2
2 Derek Peltier Ray Macias 40 1 2 2
4 vs 4 Forward
Center Wing Time % Phy DF OF
1 Adam Hall Samuel Pahlsson 60 1 2 2
2 Pierre-Alexandre ParenteaDany Roussin 40 1 2 2
4 vs 4 Defense
Defense Defense Time % Phy DF OF
1 Doug Janik Jeff Finger 60 1 2 2
2 Derek Peltier Ray Macias 40 1 2 2
Last Minutes Offensive
Center Left Wing Right Wing Defense Defense
Samuel Pahlsson Dany Roussin Adam Hall Doug Janik Jeff Finger
Last Minutes Defensive
Center Left Wing Right Wing Defense Defense
Samuel Pahlsson Dany Roussin Adam Hall Doug Janik Jeff Finger
Goaltenders
Starting : Barry Brust
Backup : Ben Bishop
Extra Forwards
Normal : Daniel Winnik, James Van Riemsdyk, Matt D'Agostini - PP : Daniel Winnik, James Van Riemsdyk - PK : Matt D'Agostini
Extra Defensemen
Normal : Tyler Myers, Joey Ryan, Brett Festerling - PP : Tyler Myers - PK : Joey Ryan, Brett Festerling
Penalty Shots
Adam Hall, Samuel Pahlsson, Pierre-Alexandre Parenteau, Dany Roussin, Scott Parse
% Time on Ice - Saguenéens
Lines # - Real PCT - Wanted PCT - Time Play
Normal Forward
1 - 28% - 40% - 13:03
2 - 33% - 30% - 15:35
3 - 26% - 20% - 12:07
4 - 13% - 10% - 6:03
Normal Defense
1 - 39% - 40% - 18:21
2 - 28% - 30% - 12:55
3 - 18% - 20% - 8:31
4 - 15% - 10% - 7:01
PP Forward
1 - 60% - 60% - 2:33
2 - 40% - 40% - 1:41
PP Defense
1 - 48% - 60% - 2:02
2 - 52% - 40% - 2:12
PK Forward
1 - 68% - 60% - 4:47
2 - 32% - 40% - 2:12
PK Defense
1 - 55% - 60% - 3:51
2 - 45% - 40% - 3:08
PK3 Forward
1 - 0% - 60%
2 - 0% - 40%
PK3 Defense
1 - 0% - 60%
2 - 0% - 40%
44 Forward
1 - 87% - 60% - 1:44
2 - 13% - 40% - 0:15
44 Defense
1 - 64% - 60% - 1:16
2 - 36% - 40% - 0:43
Last Minute Offensive - 0:00
Last Minute Defensive - 0:00
Total
Forward - 60:00
Defense - 60:00
|
% Time on Ice - Thunder
Lines # - Real PCT - Wanted PCT - Time Play
Normal Forward
1 - 37% - 40% - 17:26
2 - 25% - 30% - 11:47
3 - 22% - 20% - 10:05
4 - 16% - 10% - 7:30
Normal Defense
1 - 39% - 40% - 18:25
2 - 31% - 30% - 14:29
3 - 21% - 20% - 9:38
4 - 9% - 10% - 4:16
PP Forward
1 - 51% - 60% - 3:34
2 - 49% - 40% - 3:25
PP Defense
1 - 56% - 60% - 3:54
2 - 44% - 40% - 3:05
PK Forward
1 - 80% - 60% - 3:24
2 - 20% - 40% - 0:50
PK Defense
1 - 71% - 60% - 3:00
2 - 29% - 40% - 1:14
PK3 Forward
1 - 0% - 60%
2 - 0% - 40%
PK3 Defense
1 - 0% - 60%
2 - 0% - 40%
44 Forward
1 - 100% - 60% - 1:59
2 - 0% - 40% - 0:00
44 Defense
1 - 67% - 60% - 1:20
2 - 33% - 40% - 0:39
Last Minute Offensive - 0:00
Last Minute Defensive - 0:00
Total
Forward - 60:00
Defense - 60:00
|
Play by Play
1st period
0:01 of 1st period - Wayne Primeau wins face-off versus Samuel Pahlsson in neutral zone.
0:08 of 1st period - Wrist shot by Adam Hall.
0:08 of 1st period - Stopped by Chad Johnson with a rebound.
2:36 of 1st period - Snap shot by Scott Parse.
2:36 of 1st period - Shot Blocked by Mike Van Ryn.
3:40 of 1st period - Wrist shot by Adam Hall.
3:40 of 1st period - Shot Blocked by Brandon Yip.
4:29 of 1st period - Tyler Myers is hit by Derek Joslin and loses puck.
4:54 of 1st period - Wrist shot by Daniel Winnik.
4:54 of 1st period - Shot Blocked by Petteri Wirtanen.
5:11 of 1st period - Wrist shot by Pierre-Alexandre Parenteau.
5:11 of 1st period - Shot Blocked by Derek Joslin.
7:05 of 1st period - Wayne Simmonds is hit by Adam Hall and loses puck.
7:25 of 1st period - Icing by Kevin Estrada.
7:26 of 1st period - Samuel Pahlsson wins face-off versus Petteri Wirtanen in Saguenéens zone.
7:27 of 1st period - Snap shot by Adam Hall.
7:27 of 1st period - Shot Blocked by Ian Cole.
7:41 of 1st period - Snap shot by David Laliberté.
7:41 of 1st period - Stopped by Barry Brust with a rebound.
7:43 of 1st period - Snap shot by Kevin Estrada.
7:43 of 1st period - Shot Misses the Net.
7:45 of 1st period - Slapshot by Tomas Kudelka.
7:45 of 1st period - Shot Blocked by Adam Hall.
7:47 of 1st period - Snap shot by Petteri Wirtanen.
7:47 of 1st period - Goal by Petteri Wirtanen - Saguenéens : 1 - Thunder : 0.
7:48 of 1st period - Samuel Pahlsson wins face-off versus Wayne Primeau in neutral zone.
7:53 of 1st period - Snap shot by Adam Hall.
7:53 of 1st period - Stopped by Chad Johnson without a rebound.
7:54 of 1st period - Wayne Primeau wins face-off versus Samuel Pahlsson in Saguenéens zone.
8:07 of 1st period - Snap shot by Adam Hall.
8:07 of 1st period - Deflect By Dany Roussin.
8:07 of 1st period - Stopped by Chad Johnson with a rebound.
8:09 of 1st period - Slapshot by Jeff Finger.
8:09 of 1st period - Deflect By Adam Hall.
8:09 of 1st period - Shot Misses the Net.
8:09 of 1st period - Puck is out of play.
8:10 of 1st period - Wayne Primeau wins face-off versus Jerred Smithson in Saguenéens zone.
8:21 of 1st period - Slapshot by Brandon Yip.
8:21 of 1st period - Shot Misses the Net.
9:01 of 1st period - Daultan Leveillé is hit by David Laliberté and loses puck.
9:03 of 1st period - Minor Penalty to Daultan Leveillé for Cross-checking.
9:04 of 1st period - Wayne Primeau wins face-off versus Adam Hall in Thunder zone.
9:05 of 1st period - Snap shot by Jarkko Ruutu.
9:05 of 1st period - Shot Blocked by Jeff Finger.
9:07 of 1st period - Slapshot by Wayne Primeau.
9:07 of 1st period - Shot Blocked by Jeff Finger.
9:09 of 1st period - Slapshot by Wayne Primeau.
9:09 of 1st period - Shot Blocked by Doug Janik.
9:11 of 1st period - Slapshot by Jarkko Ruutu.
9:11 of 1st period - Stopped by Barry Brust with a rebound.
9:13 of 1st period - Slapshot by Henrik Tallinder.
9:13 of 1st period - Goal by Henrik Tallinder - Saguenéens : 2 - Thunder : 0.
9:14 of 1st period - Samuel Pahlsson wins face-off versus Wayne Primeau in neutral zone.
9:17 of 1st period - Backhand shot by Samuel Pahlsson.
9:17 of 1st period - Shot Hit the Post.
9:27 of 1st period - Snap shot by Wayne Primeau.
9:27 of 1st period - Stopped by Barry Brust with a rebound.
9:29 of 1st period - Slapshot by Henrik Tallinder.
9:29 of 1st period - Shot Misses the Net.
9:46 of 1st period - Doug Janik is hit by Wayne Simmonds and loses puck.
10:04 of 1st period - Wrist shot by David Laliberté.
10:04 of 1st period - Shot Blocked by Matt D'Agostini.
10:21 of 1st period - Minor Penalty to Brian Flynn for Hooking.
10:22 of 1st period - Jarkko Ruutu wins face-off versus Samuel Pahlsson in Saguenéens zone.
10:35 of 1st period - Slapshot by Jarkko Ruutu.
10:35 of 1st period - Shot Misses the Net.
10:47 of 1st period - Jarkko Ruutu is hit by Scott Parse and loses puck.
11:22 of 1st period - Icing by Scott Parse.
11:23 of 1st period - Jerred Smithson wins face-off versus Jarkko Ruutu in Thunder zone.
11:48 of 1st period - Adam Hall is hit by Kyle Brodziak and loses puck.
12:07 of 1st period - Wayne Primeau is hit by Jerred Smithson and loses puck.
12:21 of 1st period - Penalty to Brian Flynn is over, Brian Flynn is back on ice.
12:42 of 1st period - Wrist shot by Daniel Winnik.
12:42 of 1st period - Shot Misses the Net.
13:02 of 1st period - Slapshot by Kyle Brodziak.
13:02 of 1st period - Stopped by Barry Brust without a rebound.
13:03 of 1st period - Samuel Pahlsson wins face-off versus Wayne Primeau in Thunder zone.
13:52 of 1st period - Jeff Finger is hit by Justin Schultz.
14:15 of 1st period - Snap shot by Brian Flynn.
14:15 of 1st period - Stopped by Barry Brust with a rebound.
14:36 of 1st period - Wrist shot by Daniel Winnik.
14:36 of 1st period - Stopped by Chad Johnson without a rebound.
14:37 of 1st period - Kyle Brodziak wins face-off versus Samuel Pahlsson in Saguenéens zone.
14:37 of 1st period - Kyle Brodziak is hit by Samuel Pahlsson.
14:47 of 1st period - Snap shot by Evgeny Dadonov.
14:47 of 1st period - Stopped by Barry Brust with a rebound.
15:17 of 1st period - Snap shot by Dany Roussin.
15:17 of 1st period - Shot Blocked by Wayne Simmonds.
15:19 of 1st period - Wrist shot by Dany Roussin.
15:19 of 1st period - Stopped by Chad Johnson with a rebound.
15:21 of 1st period - Wrist shot by Samuel Pahlsson.
15:21 of 1st period - Shot Blocked by Mike Van Ryn.
15:23 of 1st period - Slapshot by Ray Macias.
15:23 of 1st period - Shot Blocked by Trevor Daley.
15:25 of 1st period - Snap shot by Dany Roussin.
15:25 of 1st period - Shot Blocked by Kyle Brodziak.
15:27 of 1st period - Wrist shot by Adam Hall.
15:27 of 1st period - Stopped by Chad Johnson without a rebound.
15:28 of 1st period - Jerred Smithson wins face-off versus Wayne Primeau in Saguenéens zone.
16:37 of 1st period - Icing by Kevin Estrada.
16:38 of 1st period - Jerred Smithson wins face-off versus Petteri Wirtanen in Saguenéens zone.
16:39 of 1st period - Slapshot by Scott Parse.
16:39 of 1st period - Stopped by Chad Johnson without a rebound.
16:40 of 1st period - Petteri Wirtanen wins face-off versus Jerred Smithson in Saguenéens zone.
17:07 of 1st period - Snap shot by Pierre-Alexandre Parenteau.
17:07 of 1st period - Shot Misses the Net.
17:09 of 1st period - Snap shot by Derek Peltier.
17:09 of 1st period - Stopped by Chad Johnson with a rebound.
17:11 of 1st period - Snap shot by Ray Macias.
17:11 of 1st period - Stopped by Chad Johnson with a rebound.
17:13 of 1st period - Wrist shot by Pierre-Alexandre Parenteau.
17:13 of 1st period - Shot Misses the Net.
17:15 of 1st period - Slapshot by Pierre-Alexandre Parenteau.
17:15 of 1st period - Shot Blocked by Mike Van Ryn.
17:17 of 1st period - Snap shot by Pierre-Alexandre Parenteau.
17:17 of 1st period - Stopped by Chad Johnson without a rebound.
17:18 of 1st period - Wayne Primeau wins face-off versus Samuel Pahlsson in Saguenéens zone.
17:43 of 1st period - Doug Janik is hit by Wayne Simmonds and loses puck.
18:40 of 1st period - Brandon Yip is hit by Adam Hall and loses puck.
18:45 of 1st period - Snap shot by Adam Hall.
18:45 of 1st period - Deflect By Samuel Pahlsson.
18:45 of 1st period - Shot Misses the Net.
18:45 of 1st period - Puck is out of play.
18:46 of 1st period - Samuel Pahlsson wins face-off versus Kyle Brodziak in Saguenéens zone.
19:01 of 1st period - Wrist shot by Samuel Pahlsson.
19:01 of 1st period - Goal by Samuel Pahlsson - Saguenéens : 2 - Thunder : 1.
19:02 of 1st period - Samuel Pahlsson wins face-off versus Brandon Yip in neutral zone.
19:12 of 1st period - Minor Penalty to Trevor Daley for Slashing.
19:13 of 1st period - Samuel Pahlsson wins face-off versus Jarkko Ruutu in Saguenéens zone.
19:16 of 1st period - Wrist shot by Adam Hall.
19:16 of 1st period - Deflect By Samuel Pahlsson.
19:16 of 1st period - Shot Blocked by Mike Van Ryn.
19:16 of 1st period - Puck is out of play.
19:17 of 1st period - Samuel Pahlsson wins face-off versus Wayne Primeau in Saguenéens zone.
19:18 of 1st period - Wrist shot by Dany Roussin.
19:18 of 1st period - Shot Blocked by Patrick McNeill.
19:20 of 1st period - Snap shot by Samuel Pahlsson.
19:20 of 1st period - Stopped by Chad Johnson without a rebound.
19:21 of 1st period - Samuel Pahlsson wins face-off versus Jarkko Ruutu in Saguenéens zone.
19:22 of 1st period - Wrist shot by Adam Hall.
19:22 of 1st period - Goal by Adam Hall - Saguenéens : 2 - Thunder : 2.
19:23 of 1st period - Wayne Primeau wins face-off versus Samuel Pahlsson in neutral zone.
2nd period
0:01 of 2nd period - Wayne Primeau wins face-off versus Samuel Pahlsson in neutral zone.
0:11 of 2nd period - Off-side.
0:12 of 2nd period - Samuel Pahlsson wins face-off versus Wayne Primeau in neutral zone.
0:15 of 2nd period - Wayne Primeau is hit by Dany Roussin and loses puck.
0:28 of 2nd period - Snap shot by Adam Hall.
0:28 of 2nd period - Stopped by Chad Johnson with a rebound.
1:00 of 2nd period - Wrist shot by Trevor Daley.
1:00 of 2nd period - Stopped by Barry Brust with a rebound.
1:04 of 2nd period - Snap shot by David Laliberté.
1:04 of 2nd period - Stopped by Barry Brust with a rebound.
1:06 of 2nd period - Slapshot by Mike Van Ryn.
1:06 of 2nd period - Shot Misses the Net.
1:08 of 2nd period - Wrist shot by Kevin Estrada.
1:08 of 2nd period - Stopped by Barry Brust with a rebound.
1:10 of 2nd period - Slapshot by Trevor Daley.
1:10 of 2nd period - Stopped by Barry Brust with a rebound.
1:38 of 2nd period - Dany Roussin is hit by Jarkko Ruutu and loses puck.
1:53 of 2nd period - Wrist shot by Kyle Brodziak.
1:53 of 2nd period - Shot Blocked by Adam Hall.
1:55 of 2nd period - Snap shot by Evgeny Dadonov.
1:55 of 2nd period - Shot Blocked by Doug Janik.
2:05 of 2nd period - Scott Parse is hit by David Laliberté and loses puck.
2:18 of 2nd period - David Laliberté is hit by Pierre-Alexandre Parenteau and loses puck.
2:43 of 2nd period - Jarkko Ruutu is hit by Daultan Leveillé.
2:57 of 2nd period - Slapshot by Derek Peltier.
2:57 of 2nd period - Shot Blocked by Evgeny Dadonov.
2:59 of 2nd period - Snap shot by Derek Peltier.
2:59 of 2nd period - Stopped by Chad Johnson with a rebound.
3:01 of 2nd period - Snap shot by James Van Riemsdyk.
3:01 of 2nd period - Goal by James Van Riemsdyk - Saguenéens : 2 - Thunder : 3.
3:02 of 2nd period - Brandon Yip wins face-off versus Samuel Pahlsson in neutral zone.
4:32 of 2nd period - Slapshot by Mike Van Ryn.
4:32 of 2nd period - Deflect By James Van Riemsdyk.
4:32 of 2nd period - Stopped by Barry Brust with a rebound.
4:33 of 2nd period - Minor Penalty to Kyle Brodziak for Roughing.
4:34 of 2nd period - Samuel Pahlsson wins face-off versus Jarkko Ruutu in Saguenéens zone.
5:04 of 2nd period - Snap shot by Pierre-Alexandre Parenteau.
5:04 of 2nd period - Shot Blocked by Henrik Tallinder.
5:23 of 2nd period - Ray Macias is hit by Henrik Tallinder and loses puck.
6:33 of 2nd period - Penalty to Kyle Brodziak is over, Kyle Brodziak is back on ice.
6:40 of 2nd period - Kyle Brodziak is hit by Matt D'Agostini.
6:46 of 2nd period - Slapshot by Matt D'Agostini.
6:46 of 2nd period - Shot Hit the Post.
8:44 of 2nd period - Backhand shot by Kevin Estrada.
8:44 of 2nd period - Stopped by Barry Brust without a rebound.
8:45 of 2nd period - Petteri Wirtanen wins face-off versus Kelly Zajac in Thunder zone.
8:56 of 2nd period - Slapshot by Henrik Tallinder.
8:56 of 2nd period - Stopped by Barry Brust with a rebound.
8:58 of 2nd period - Snap shot by Kevin Estrada.
8:58 of 2nd period - Goal by Kevin Estrada - Saguenéens : 3 - Thunder : 3.
8:59 of 2nd period - Jarkko Ruutu wins face-off versus Samuel Pahlsson in neutral zone.
9:09 of 2nd period - Minor Penalty to Adam Hall for Tripping.
9:09 of 2nd period - Minor Penalty to Justin Schultz for Interference.
9:10 of 2nd period - Daniel Winnik wins face-off versus Jarkko Ruutu in Thunder zone.
9:17 of 2nd period - Wrist shot by Daniel Winnik.
9:17 of 2nd period - Deflect By Samuel Pahlsson.
9:17 of 2nd period - Goal by Samuel Pahlsson - Saguenéens : 3 - Thunder : 4.
9:18 of 2nd period - Daniel Winnik wins face-off versus Jarkko Ruutu in neutral zone.
10:00 of 2nd period - Off-side.
10:01 of 2nd period - David Laliberté wins face-off versus James Van Riemsdyk in neutral zone.
10:25 of 2nd period - Icing by Jeff Finger.
10:26 of 2nd period - James Van Riemsdyk wins face-off versus Jarkko Ruutu in Thunder zone.
10:35 of 2nd period - Slapshot by Doug Janik.
10:35 of 2nd period - Stopped by Chad Johnson with a rebound.
10:37 of 2nd period - Snap shot by Daniel Winnik.
10:37 of 2nd period - Shot Misses the Net.
10:39 of 2nd period - Slapshot by Daniel Winnik.
10:39 of 2nd period - Shot Blocked by Trevor Daley.
11:09 of 2nd period - Penalty to Adam Hall is over, Adam Hall is back on ice.
11:09 of 2nd period - Penalty to Justin Schultz is over, Justin Schultz is back on ice.
11:15 of 2nd period - Snap shot by Adam Hall.
11:15 of 2nd period - Stopped by Chad Johnson with a rebound.
11:23 of 2nd period - Slapshot by Adam Hall.
11:23 of 2nd period - Shot Misses the Net.
11:41 of 2nd period - Snap shot by Adam Hall.
11:41 of 2nd period - Shot Misses the Net.
11:43 of 2nd period - Snap shot by Adam Hall.
11:43 of 2nd period - Shot Misses the Net.
11:45 of 2nd period - Snap shot by Daniel Winnik.
11:45 of 2nd period - Shot Misses the Net.
11:47 of 2nd period - Wrist shot by Daniel Winnik.
11:47 of 2nd period - Stopped by Chad Johnson with a rebound.
11:49 of 2nd period - Snap shot by Jeff Finger.
11:49 of 2nd period - Stopped by Chad Johnson with a rebound.
11:51 of 2nd period - Slapshot by Adam Hall.
11:51 of 2nd period - Stopped by Chad Johnson without a rebound.
11:52 of 2nd period - Brian Flynn wins face-off versus Jerred Smithson in Saguenéens zone.
12:18 of 2nd period - Petteri Wirtanen is hit by James Van Riemsdyk and loses puck.
12:23 of 2nd period - Wrist shot by James Van Riemsdyk.
12:23 of 2nd period - Shot Misses the Net.
12:25 of 2nd period - Slapshot by Joey Ryan.
12:25 of 2nd period - Shot Blocked by Mike Van Ryn.
12:27 of 2nd period - Slapshot by Joey Crabb.
12:27 of 2nd period - Shot Blocked by David Laliberté.
13:19 of 2nd period - Wrist shot by Petteri Wirtanen.
13:19 of 2nd period - Stopped by Barry Brust with a rebound.
13:21 of 2nd period - Slapshot by Ian Cole.
13:21 of 2nd period - Stopped by Barry Brust without a rebound.
13:22 of 2nd period - Petteri Wirtanen wins face-off versus Jerred Smithson in Thunder zone.
13:29 of 2nd period - Slapshot by Petteri Wirtanen.
13:29 of 2nd period - Shot Blocked by Jeff Finger.
13:31 of 2nd period - Slapshot by Henrik Tallinder.
13:31 of 2nd period - Shot Misses the Net.
13:33 of 2nd period - Slapshot by Justin Schultz.
13:33 of 2nd period - Stopped by Barry Brust without a rebound.
13:34 of 2nd period - Samuel Pahlsson wins face-off versus Wayne Primeau in Thunder zone.
13:39 of 2nd period - Wrist shot by Dany Roussin.
13:39 of 2nd period - Stopped by Chad Johnson without a rebound.
13:40 of 2nd period - Brandon Yip wins face-off versus Samuel Pahlsson in Saguenéens zone.
13:47 of 2nd period - Slapshot by Jarkko Ruutu.
13:47 of 2nd period - Goal by Jarkko Ruutu - Saguenéens : 4 - Thunder : 4.
13:48 of 2nd period - Wayne Primeau wins face-off versus Samuel Pahlsson in neutral zone.
14:15 of 2nd period - Wrist shot by Matt D'Agostini.
14:15 of 2nd period - Shot Misses the Net.
14:19 of 2nd period - Backhand shot by Matt D'Agostini.
14:19 of 2nd period - Stopped by Chad Johnson with a rebound.
14:21 of 2nd period - Slapshot by Ray Macias.
14:21 of 2nd period - Shot Blocked by Brandon Yip.
14:23 of 2nd period - Slapshot by Derek Peltier.
14:23 of 2nd period - Deflect By Daniel Winnik.
14:23 of 2nd period - Stopped by Chad Johnson with a rebound.
15:17 of 2nd period - Slapshot by Joey Crabb.
15:17 of 2nd period - Shot Misses the Net.
15:51 of 2nd period - Snap shot by Scott Parse.
15:51 of 2nd period - Stopped by Chad Johnson without a rebound.
15:52 of 2nd period - Samuel Pahlsson wins face-off versus Evgeny Dadonov in Saguenéens zone.
15:55 of 2nd period - Snap shot by Samuel Pahlsson.
15:55 of 2nd period - Stopped by Chad Johnson without a rebound.
15:56 of 2nd period - Samuel Pahlsson wins face-off versus Kyle Brodziak in Saguenéens zone.
16:23 of 2nd period - Pierre-Alexandre Parenteau is hit by Wayne Primeau and loses puck.
17:04 of 2nd period - Snap shot by Kyle Brodziak.
17:04 of 2nd period - Stopped by Barry Brust with a rebound.
17:06 of 2nd period - Snap shot by Justin Schultz.
17:06 of 2nd period - Shot Blocked by Joey Ryan.
17:08 of 2nd period - Slapshot by Henrik Tallinder.
17:08 of 2nd period - Stopped by Barry Brust with a rebound.
18:21 of 2nd period - Snap shot by Matt D'Agostini.
18:21 of 2nd period - Stopped by Chad Johnson with a rebound.
18:23 of 2nd period - Slapshot by Matt D'Agostini.
18:23 of 2nd period - Stopped by Chad Johnson with a rebound.
19:14 of 2nd period - Minor Penalty to Brian Flynn for Hooking.
19:15 of 2nd period - Jarkko Ruutu wins face-off versus Samuel Pahlsson in Saguenéens zone.
19:52 of 2nd period - Wrist shot by Scott Parse.
19:52 of 2nd period - Stopped by Chad Johnson without a rebound.
19:53 of 2nd period - Jerred Smithson wins face-off versus Jarkko Ruutu in Saguenéens zone.
3rd period
0:01 of 3rd period - Samuel Pahlsson wins face-off versus Jarkko Ruutu in neutral zone.
0:04 of 3rd period - Slapshot by Doug Janik.
0:04 of 3rd period - Shot Blocked by Mike Van Ryn.
0:06 of 3rd period - Slapshot by Samuel Pahlsson.
0:06 of 3rd period - Goal by Samuel Pahlsson - Saguenéens : 4 - Thunder : 5.
0:07 of 3rd period - Samuel Pahlsson wins face-off versus Wayne Primeau in neutral zone.
0:10 of 3rd period - Trevor Daley is hit by Dany Roussin and loses puck.
0:17 of 3rd period - Snap shot by Samuel Pahlsson.
0:17 of 3rd period - Shot Misses the Net.
0:19 of 3rd period - Snap shot by Adam Hall.
0:19 of 3rd period - Goal by Adam Hall - Saguenéens : 4 - Thunder : 6.
0:20 of 3rd period - Samuel Pahlsson wins face-off versus Wayne Primeau in neutral zone.
0:25 of 3rd period - Snap shot by Samuel Pahlsson.
0:25 of 3rd period - Goal by Samuel Pahlsson - Saguenéens : 4 - Thunder : 7.
0:25 of 3rd period - James Reimer enters game.
0:26 of 3rd period - Wayne Primeau wins face-off versus Samuel Pahlsson in neutral zone.
0:31 of 3rd period - Snap shot by Mike Van Ryn.
0:31 of 3rd period - Shot Misses the Net.
0:33 of 3rd period - Snap shot by Jarkko Ruutu.
0:33 of 3rd period - Stopped by Barry Brust with a rebound.
0:35 of 3rd period - Snap shot by Brandon Yip.
0:35 of 3rd period - Shot Misses the Net.
0:37 of 3rd period - Snap shot by Brandon Yip.
0:37 of 3rd period - Deflect By Wayne Primeau.
0:37 of 3rd period - Shot Misses the Net.
0:37 of 3rd period - Puck is out of play.
0:38 of 3rd period - Wayne Primeau wins face-off versus Samuel Pahlsson in Thunder zone.
0:47 of 3rd period - Snap shot by Wayne Primeau.
0:47 of 3rd period - Shot Blocked by Doug Janik.
0:49 of 3rd period - Slapshot by Jarkko Ruutu.
0:49 of 3rd period - Stopped by Barry Brust with a rebound.
1:00 of 3rd period - Minor Penalty to Trevor Daley for Holding.
1:01 of 3rd period - Jarkko Ruutu wins face-off versus Samuel Pahlsson in Saguenéens zone.
1:10 of 3rd period - Patrick McNeill is hit by Jeff Finger and loses puck.
1:53 of 3rd period - Brandon Yip is hit by Scott Parse.
1:57 of 3rd period - Slapshot by Doug Janik.
1:57 of 3rd period - Stopped by James Reimer without a rebound.
1:58 of 3rd period - Samuel Pahlsson wins face-off versus Jarkko Ruutu in Saguenéens zone.
2:34 of 3rd period - Henrik Tallinder is hit by Samuel Pahlsson and loses puck.
3:00 of 3rd period - Penalty to Trevor Daley is over, Trevor Daley is back on ice.
3:14 of 3rd period - Snap shot by Kevin Estrada.
3:14 of 3rd period - Shot Misses the Net.
3:41 of 3rd period - Icing by Daultan Leveillé.
3:42 of 3rd period - Brian Flynn wins face-off versus Daultan Leveillé in Thunder zone.
4:29 of 3rd period - Slapshot by James Van Riemsdyk.
4:29 of 3rd period - Stopped by James Reimer without a rebound.
4:30 of 3rd period - Kyle Brodziak wins face-off versus Kelly Zajac in Saguenéens zone.
4:37 of 3rd period - Snap shot by Kyle Brodziak.
4:37 of 3rd period - Shot Misses the Net.
4:39 of 3rd period - Snap shot by Wayne Simmonds.
4:39 of 3rd period - Stopped by Barry Brust without a rebound.
4:40 of 3rd period - Kyle Brodziak wins face-off versus Samuel Pahlsson in Thunder zone.
4:41 of 3rd period - Wrist shot by Evgeny Dadonov.
4:41 of 3rd period - Shot Blocked by Ray Macias.
4:45 of 3rd period - Wrist shot by Kyle Brodziak.
4:45 of 3rd period - Shot Misses the Net.
4:49 of 3rd period - Snap shot by Evgeny Dadonov.
4:49 of 3rd period - Shot Blocked by Adam Hall.
4:51 of 3rd period - Snap shot by Justin Schultz.
4:51 of 3rd period - Stopped by Barry Brust with a rebound.
4:53 of 3rd period - Wrist shot by Wayne Simmonds.
4:53 of 3rd period - Shot Hit the Post.
5:01 of 3rd period - Snap shot by Kyle Brodziak.
5:01 of 3rd period - Stopped by Barry Brust without a rebound.
5:02 of 3rd period - Wayne Primeau wins face-off versus Jerred Smithson in Thunder zone.
5:36 of 3rd period - Samuel Pahlsson is hit by David Laliberté and loses puck.
6:12 of 3rd period - Minor Penalty to Jerred Smithson for High sticking.
6:13 of 3rd period - Wayne Primeau wins face-off versus Adam Hall in Thunder zone.
6:18 of 3rd period - Backhand shot by Jarkko Ruutu.
6:18 of 3rd period - Goal by Jarkko Ruutu - Saguenéens : 5 - Thunder : 7.
6:19 of 3rd period - Jarkko Ruutu wins face-off versus Samuel Pahlsson in neutral zone.
6:22 of 3rd period - Dany Roussin is hit by Mike Van Ryn and loses puck.
6:27 of 3rd period - Snap shot by Jarkko Ruutu.
6:27 of 3rd period - Stopped by Barry Brust with a rebound.
7:29 of 3rd period - Minor Penalty to Daultan Leveillé for Hooking.
7:30 of 3rd period - Adam Hall wins face-off versus Wayne Primeau in Thunder zone.
7:40 of 3rd period - Off-side.
7:41 of 3rd period - Adam Hall wins face-off versus Wayne Primeau in neutral zone.
7:46 of 3rd period - Slapshot by Adam Hall.
7:46 of 3rd period - Goal by Adam Hall - Saguenéens : 5 - Thunder : 8.
7:47 of 3rd period - Wayne Primeau wins face-off versus Adam Hall in neutral zone.
8:48 of 3rd period - Henrik Tallinder is hit by Samuel Pahlsson and loses puck.
8:59 of 3rd period - Henrik Tallinder is hit by Dany Roussin and loses puck.
9:29 of 3rd period - Penalty to Daultan Leveillé is over, Daultan Leveillé is back on ice.
9:48 of 3rd period - Snap shot by Petteri Wirtanen.
9:48 of 3rd period - Shot Misses the Net.
10:05 of 3rd period - Icing by Dwight King.
10:06 of 3rd period - Brian Flynn wins face-off versus Jerred Smithson in Saguenéens zone.
10:43 of 3rd period - Daniel Winnik is hit by Mike Van Ryn and loses puck.
11:09 of 3rd period - Slapshot by Jarkko Ruutu.
11:09 of 3rd period - Stopped by Barry Brust without a rebound.
11:10 of 3rd period - Samuel Pahlsson wins face-off versus Wayne Primeau in Thunder zone.
11:19 of 3rd period - Wrist shot by Dany Roussin.
11:19 of 3rd period - Stopped by James Reimer without a rebound.
11:20 of 3rd period - Dany Roussin wins face-off versus Kyle Brodziak in Saguenéens zone.
11:33 of 3rd period - Dany Roussin is hit by Justin Schultz and loses puck.
12:06 of 3rd period - Snap shot by Samuel Pahlsson.
12:06 of 3rd period - Goal by Samuel Pahlsson - Saguenéens : 5 - Thunder : 9.
12:07 of 3rd period - Wayne Primeau wins face-off versus Jerred Smithson in neutral zone.
12:15 of 3rd period - Wrist shot by Pierre-Alexandre Parenteau.
12:15 of 3rd period - Stopped by James Reimer with a rebound.
12:23 of 3rd period - Slapshot by Scott Parse.
12:23 of 3rd period - Stopped by James Reimer without a rebound.
12:24 of 3rd period - Wayne Simmonds wins face-off versus Samuel Pahlsson in Saguenéens zone.
12:40 of 3rd period - Wrist shot by Samuel Pahlsson.
12:40 of 3rd period - Shot Misses the Net.
13:14 of 3rd period - Justin Schultz is hit by Daultan Leveillé and loses puck.
13:43 of 3rd period - Ray Macias is hit by Jarkko Ruutu and loses puck.
14:02 of 3rd period - Wrist shot by Dany Roussin.
14:02 of 3rd period - Shot Blocked by Kyle Brodziak.
14:08 of 3rd period - Adam Hall is hit by Wayne Simmonds and loses puck.
14:19 of 3rd period - Wrist shot by Adam Hall.
14:19 of 3rd period - Stopped by James Reimer with a rebound.
14:30 of 3rd period - Minor Penalty to Daultan Leveillé for Goalie Interference.
14:31 of 3rd period - Wayne Primeau wins face-off versus Adam Hall in Thunder zone.
14:42 of 3rd period - Snap shot by Jarkko Ruutu.
14:42 of 3rd period - Stopped by Barry Brust without a rebound.
14:43 of 3rd period - Adam Hall wins face-off versus Wayne Primeau in Thunder zone.
15:44 of 3rd period - Pierre-Alexandre Parenteau is hit by Kyle Brodziak and loses puck.
16:30 of 3rd period - Penalty to Daultan Leveillé is over, Daultan Leveillé is back on ice.
16:31 of 3rd period - Daultan Leveillé is hit by Trevor Daley and loses puck.
17:04 of 3rd period - Wrist shot by Scott Parse.
17:04 of 3rd period - Shot Misses the Net.
18:24 of 3rd period - Wrist shot by Scott Parse.
18:24 of 3rd period - Deflect By Pierre-Alexandre Parenteau.
18:24 of 3rd period - Shot Blocked by Henrik Tallinder.
18:24 of 3rd period - Puck is out of play.
18:25 of 3rd period - Brian Flynn wins face-off versus Jerred Smithson in Saguenéens zone.
18:56 of 3rd period - David Laliberté is hit by Matt D'Agostini and loses puck.
19:03 of 3rd period - Daultan Leveillé is hit by Kevin Estrada and loses puck.
19:43 of 3rd period - Slapshot by Adam Hall.
19:43 of 3rd period - Stopped by James Reimer without a rebound.
19:44 of 3rd period - Samuel Pahlsson wins face-off versus Kyle Brodziak in Saguenéens zone.
19:45 of 3rd period - Snap shot by Dany Roussin.
19:45 of 3rd period - Stopped by James Reimer without a rebound.
19:46 of 3rd period - Kyle Brodziak wins face-off versus Samuel Pahlsson in Saguenéens zone.
19:46 of 3rd period - Kyle Brodziak is hit by Ray Macias.
Output by the SimonT Hockey Simulator (STHS) for François Prévost -- Original Page W3C XHTML 1.0 Valid